 Dungeon Crawl Stone Soup version 0.24-a0-170-gd8427f5 (webtiles) character file.

Game seed: 11761121656510128276

177762 galech the Severer (level 17, -3/144 HPs)
             Began as a Demonspawn Fighter on Mar 8, 2019.
             Was the Champion of Okawaru.
             Slain by a tentacled monstrosity (9 damage)
             ... on level 2 of the Depths.
             The game lasted 01:04:47 (36733 turns).

galech the Severer (Demonspawn Fighter)            Turns: 36733, Time: 01:04:48

Health: -3/144     AC: 17    Str: 20    XL:     17   Next: 55%
Magic:  20/20      EV: 13    Int: 12    God:    Okawaru [******]
Gold:   1898       SH: 23    Dex: 28    Spells: 16/16 levels left

rFire    + + .     SeeInvis +   H - +3 broad axe (freeze)
rCold    + + .     Gourm    .   N - +1 large shield {rPois}
rNeg     + + .     Faith    .   U - +2 ring mail "Sucari Refi" {Slay+6}
rPois    +         Spirit   .   (helmet unavailable)
rElec    .         Reflect  .   X - scarf {rC+ rF+}
rCorr    .         Harm     .   G - +0 pair of gloves {Str+3}
MR       .....                  e - +2 pair of boots {Stlth+}
Stlth    ++++......             Z - amulet of magic regeneration
HPRegen  0.34/turn              s - ring of Jostre Icini {rN+ MR- Int+3 Dex+3 Slay+5}
MPRegen  0.42/turn              m - +5 ring of dexterity

@: finesse, constricted
A: antennae 3, molten scales 3, cold resistance 1, negative energy resistance 1,
powered by pain 2, 50% torment resistance
a: Heroism, Finesse, Renounce Religion


You were on level 2 of the Depths.
You worshipped Okawaru.
Okawaru was exalted by your worship.
You were not hungry.

You visited 6 branches of the dungeon, and saw 28 of its levels.
You visited the Abyss 1 time.
You also visited: Bailey, Gauntlet and Ice Cave.

You collected 2892 gold pieces.
You spent 994 gold pieces at shops.

Inventory:

Hand Weapons
 H - a +3 broad axe of freezing (weapon)
 J - a +2 war axe of flaming
Armour
 a - +0 acid dragon scales
 e - a +2 pair of boots of stealth (worn)
 j - +0 ice dragon scales
 k - the +0 pair of boots of Loss {rElec MR++ Dex-4}
   (Okawaru gifted it to you on level 15 of the Dungeon)

   It affects your dexterity (-4).
   It insulates you from electricity.
   It affects your resistance to hostile enchantments.
 y - a +2 cloak of poison resistance
 G - a +0 pair of gloves of strength (worn)
 I - a +2 chain mail of fire resistance
 N - a +1 large shield of poison resistance (worn)
 T - quicksilver dragon scales
 U - the +2 ring mail "Sucari Refi" (worn) {Slay+6}
   (You found it in a Gauntlet)

   It affects your accuracy and damage with ranged weapons and melee attacks
   (+6).
 V - a +1 cloak of invisibility
 X - a scarf of resistance (worn)
 Y - a +2 pair of gloves
Jewellery
 m - a +5 ring of dexterity (right hand)
 q - an uncursed ring of flight
 s - the ring of Jostre Icini (left hand) {rN+ MR- Int+3 Dex+3 Slay+5}
   (You bought it in a shop on level 2 of the Orcish Mines)

   [ring of dexterity]

   It affects your intelligence (+3).
   It affects your dexterity (+3).
   It affects your accuracy and damage with ranged weapons and melee attacks
   (+5).
   It protects you from negative energy.
   It affects your resistance to hostile enchantments.
 t - an uncursed ring of ice
 K - an uncursed ring of stealth
 Z - an amulet of magic regeneration (around neck)
Wands
 g - a wand of polymorph (8)
 B - a wand of digging (9)
Scrolls
 c - 10 scrolls of identify
 h - a scroll of acquirement {unknown}
 r - 9 scrolls of enchant armour
 u - 11 scrolls of remove curse
 v - 4 scrolls of fear
 x - 14 scrolls of teleportation
 z - 6 scrolls of amnesia
 D - a scroll of blinking {unknown}
 E - 2 scrolls of fog {unknown}
 O - 4 scrolls of silence
 S - a scroll of summoning {unknown}
Potions
 b - 2 potions of magic {unknown}
 i - 6 potions of lignification
 l - a potion of flight
 n - 5 potions of might
 o - 9 potions of curing
 p - 3 potions of berserk rage {unknown}
 w - 4 potions of invisibility {unknown}
 A - 2 potions of haste
 F - 4 potions of brilliance
 L - 3 potions of mutation
 M - 4 potions of ambrosia
 Q - a potion of experience
 R - 2 potions of resistance
Comestibles
 d - 14 chunks of flesh
 f - 58 rations


   Skills:
 + Level 15.9 Fighting
   Level 1.9 Long Blades
 + Level 18.0 Axes
 + Level 9.4 Armour
 + Level 7.2 Dodging
 + Level 4.4 Stealth
 + Level 16.8 Shields
 + Level 4.4 Invocations
 + Level 0.7 Evocations


You had 16 spell levels left.
You didn't know any spells.
Your spell library contained the following spells:

 Spells                   Type           Power        Failure   Level  Hunger
 Animate Skeleton         Necr           N/A          82%         1    ##.....
 Beastly Appendage        Tmut           #.....       82%         1    ##.....
 Freeze                   Ice            #...         82%         1    ##.....
 Infusion                 Chrm           #...         82%         1    ##.....
 Pain                     Necr           #...         82%         1    ##.....
 Sting                    Conj/Pois      #...         82%         1    ##.....
 Ensorcelled Hibernation  Hex/Ice        #.....       91%         2    ###....
 Passwall                 Tmut/Erth      #.......     91%         2    ###....
 Poisonous Vapours        Pois/Air       #.....       91%         2    ###....
 Shroud of Golubria       Chrm/Tloc      #.........   91%         2    ###....
 Song of Slaying          Chrm           #.......     91%         2    ###....
 Sticks to Snakes         Tmut           #.......     91%         2    ###....
 Throw Frost              Conj/Ice       #.....       91%         2    ###....
 Mephitic Cloud           Conj/Pois/Air  #.......     99%         3    ####...
 Ozocubu's Armour         Chrm/Ice       #.......     99%         3    ####...
 Recall                   Summ/Tloc      N/A          99%         3    ####...
 Regeneration             Chrm/Necr      #.........   99%         3    ####...
 Spectral Weapon          Hex/Chrm       #.......     99%         3    ####...
 Spider Form              Tmut/Pois      #.........   99%         3    ####...
 Static Discharge         Conj/Air       #.......     99%         3    ####...
 Vampiric Draining        Necr           #.........   99%         3    ####...
 Animate Dead             Necr           N/A          100%        4    #####..
 Ice Form                 Ice/Tmut       #.......     100%        4    #####..
 Leda's Liquefaction      Hex/Erth       #.........   100%        4    #####..
 Petrify                  Tmut/Erth      #.......     100%        4    #####..
 Summon Ice Beast         Ice/Summ       #.......     100%        4    #####..
 Throw Icicle             Conj/Ice       #.......     100%        4    #####..
 Alistair's Intoxication  Tmut/Pois      #.......     100%        5    ######.
 Blade Hands              Tmut           #.........   100%        5    ######.
 Borgnjor's Vile Clutch   Necr/Erth      #.........   100%        5    ######.
 Metabolic Englaciation   Hex/Ice        #.........   100%        5    ######.
 Death Channel            Necr           #.........   100%        6    #######
 Simulacrum               Ice/Necr       #.........   100%        6    #######


Dungeon Overview and Level Annotations

Branches:
Dungeon (15/15)            Temple (1/1) D:7            Lair (6/6) D:9
 Shoals (0/4) Lair:2        Snake (1/4) Lair:2        Slime (0/5) Lair:6
    Orc (2/2) D:11            Elf (0/3) Orc:2        Vaults (0/5) D:13
 Depths (3/5) D:15

Altars:
Ashenzari
Cheibriados
Dithmenos
Elyvilon
Fedhas
Gozag
Hepliaklqana
Kikubaaqudgha
Makhleb
Nemelex Xobeh
Okawaru
Qazlal
Ru
Sif Muna
Trog
Uskayaw
Vehumet
Wu Jian
Xom
Yredelemnul
Zin
The Shining One
Jiyva

Shops:
D:8 *[*   D:12 [   Orc:2 }%*=%[   Depths:1 *

Portals:
Hell: Depths:1


Innate Abilities, Weirdness & Mutations

You have a pair of large antennae on your head. (SInv)
You are completely covered in molten scales. (AC +4, rF+)
Your flesh is cold resistant. (rC+)
You resist negative energy. (rN+)
You sometimes gain power by taking damage.
You are somewhat able to resist unholy torments (1 in 2 success).


Message History

The stone giant hits you!
* * * LOW HITPOINT WARNING * * *
Items here: $ (( )))) ? [[ †† It was a potion of curing.
You feel better. You block the centaur warrior's attack.
You block the tentacled monstrosity's attack.
The tentacled monstrosity tentacle-slaps you but does no damage.
You block the tentacled monstrosity's attack.
The tentacled monstrosity grabs you.
* * * LOW HITPOINT WARNING * * *
The tentacled monstrosity constricts you!
You block the stone giant's attack.
The stone giant throws a large rock.
The large rock completely misses you.
The centaur warrior hits you but does no damage.
You feel better.
The tentacled monstrosity tentacle-slaps you!
* * * LOW HITPOINT WARNING * * *
The tentacled monstrosity barely misses you.
You block the tentacled monstrosity's attack.
You die...

........#.#####
.≈........##..#..?
.≈.....#.##...#.. ..
.≈..≈..#.#(...#.. ...
.......#.#....#.. ....
########.####.#.####....
#......#...C.....
#......#.c.G.....
#.....(#C@.Cc....
#......))(Xc.....
#.###########...( #.#
... #.# { . #.


You could see a tentacled monstrosity, a frost giant, 2 stone giants, a great
orb of eyes, a centaur warrior and 2 yaktaurs.

Vanquished Creatures
  Nikola (Depths:1)
  Rupert (Orc:1)
  Jorgrun (D:14)
  A tentacled starspawn (Abyss:2)
  A sphinx (Depths:2)
  A tengu reaver (Depths:2)
  Gastronok (D:8)
  A fire giant (D:15)
  A draconian scorcher (Abyss:2)
  An orc warlord (Orc:1)
  5 very ugly things
  5 stone giants
  Azrael (D:14)
  A minotaur (Gauntlet)
  The ghost of heinrich the Tainter, a journeyman NaVM of Cheibriados (D:13)
  2 eidola (Abyss:2)
  Snorg (Lair:3)
  Josephine (Lair:6)
  A death ooze (Gauntlet)
  2 ettins (Depths:2)
  A fire dragon (Depths:1)
  2 great orbs of eyes (Depths:2)
  Erolcha (D:11)
  5 hydras
  2 yaktaur captains
  A rakshasa (Abyss:2)
  An ice dragon (Depths:1)
  A naga warrior (Snake:1)
  4 catoblepae (Lair:6)
  4 centaur warriors
  2 spriggan air magi (Depths:2)
  Harold (Orc:1)
  A dancing weapon (D:13)
  Erica (D:11)
  16 two-headed ogres
  17 death yaks
  2 deep troll earth magi
  2 tengu warriors
  2 ogre magi
  2 vampire magi
  5 spriggan berserkers (Depths:1)
  A hell hog (Abyss:2)
  A shock serpent (Snake:1)
  5 orc high priests (Orc:2)
  Urug (D:13)
  2 naga sharpshooters (Snake:1)
  A sixfirhy (Gauntlet)
  A glowing orange brain (D:15)
  4 deep trolls (Depths:3)
  Pikel (D:5)
  A necromancer (IceCv)
  3 orc knights
  2 wizards
  3 manticores
  A mana viper (Abyss:2)
  21 ugly things
  2 cyclopes
  2 deep elf magi
  2 large abominations (Abyss:2)
  A salamander (Snake:1)
  Maurice (Orc:1)
  5 black mambas
  Joseph (D:7)
  A torpor snail (shapeshifter) (D:15)
  2 gargoyles (D:14)
  12 elephants
  3 ice statues (IceCv)
  An orange demon (Abyss:2)
  A smoke demon (Abyss:2)
  3 kobold demonologists (D:13)
  7 spiny frogs
  4 komodo dragons
  4 rime drakes
  24 yaktaurs
  A redback zombie (D:15)
  A meliai (shapeshifter) (D:15)
  A red devil (Depths:1)
  7 ice devils (IceCv)
  An ancient zyme (Abyss:2)
  A tengu conjurer (D:15)
  A merfolk (D:12)
  2 polar bears
  6 hornets
  7 hippogriffs
  7 trolls
  4 raiju (Abyss:2)
  3 blink frogs (Lair:2)
  3 dream sheep (D:12)
  18 slime creatures
  7 water elementals (Depths:1)
  3 redbacks (D:14)
  2 shadows
  4 wraiths (Lair:6)
  A yak (shapeshifter) (D:15)
  2 centaur simulacra
  55 yaks
  4 wyverns
  20 humans
  8 basilisks
  2 golden eyes (shapeshifter)
  2 fire elementals (D:14)
  2 hungry ghosts
  Grum (D:9)
  A chaos spawn (Abyss:2)
  A steam dragon (D:12)
  6 wargs
  10 vampire mosquitoes
  Duvessa (D:6)
  4 acid dragons
  A naga (Lair:2)
  8 water moccasins
  A soldier ant (D:12)
  A floating eye (Depths:2)
  5 porcupines
  A meliai simulacrum (D:15)
  A black bear (D:7)
  3 hell hounds (D:14)
  2 slaves
  3 small abominations (Abyss:2)
  3 necrophages
  4 ice beasts
  56 orc warriors
  6 wolves
  7 sky beasts
  2 eyes of draining (D:12)
  16 ogres
  34 centaurs
  A boggart (Depths:2)
  A big kobold (D:13)
  18 crocodiles
  Blork the orc (D:4)
  14 bullfrogs
  A wyvern skeleton (D:14)
  Dowan (D:6)
  5 scorpions
  5 killer bees (D:10)
  2 howler monkeys (D:4)
  2 vampire bats (D:9)
  8 crimson imps
  6 draconian simulacra (IceCv)
  3 bullfrog zombies
  2 quasits
  4 centaur skeletons
  6 centaur zombies
  8 hounds
  4 jellies
  29 orc priests
  6 iguanas
  An iron imp (Abyss:2)
  Crazy Yiuf (D:4)
  5 bullfrog skeletons
  17 worker ants
  19 orc wizards
  A spriggan simulacrum (IceCv)
  A troll simulacrum (IceCv)
  3 hound skeletons
  3 worker ant zombies
  6 gnolls
  A naga simulacrum (IceCv)
  An ogre simulacrum (IceCv)
  11 adders
  4 shadow imps
  2 oozes (Lair:6)
  3 ufetubi (Gauntlet)
  An adder zombie (D:8)
  3 adder skeletons
  4 worms
  2 dart slugs
  A leopard gecko (D:4)
  137 orcs
  6 bats
  A bat skeleton (D:9)
  5 bat zombies (D:9)
  5 giant cockroaches
  11 goblins
  12 hobgoblins
  5 jackals
  6 quokkas
  5 frilled lizards
  9 kobolds
  10 rats
  2 demonic plants (Abyss:2)
  3 fungi
  2 plants (Lair:6)
  2 starspawn tentacles (Abyss:2)
  3 withered plants (Gauntlet)
1021 creatures vanquished.

Vanquished Creatures (others)
  A cyclops (D:15)
  2 fungi
  5 plants
  4 starspawn tentacles (Abyss:2)
12 creatures vanquished.

Grand Total: 1033 creatures vanquished

Notes
Turn   | Place    | Note
-------+----------+-------------------------------------------
     0 | D:1      | galech the Demonspawn Fighter began the quest for the Orb.
     0 | D:1      | Reached XP level 1. HP: 18/18 MP: 1/1
   183 | D:1      | Gained mutation: You sometimes gain a little power by
                  | taking damage. [demonic ancestry]
   183 | D:1      | Reached XP level 2. HP: 24/24 MP: 2/2
   279 | D:1      | Reached skill level 2 in Axes
   903 | D:2      | Gained mutation: Your flesh is cold resistant. (rC+)
                  | [demonic ancestry]
   903 | D:2      | Reached XP level 3. HP: 28/29 MP: 3/3
  1306 | D:2      | Reached XP level 4. HP: 14/35 MP: 4/4
  1576 | D:2      | Reached skill level 3 in Axes
  2409 | D:3      | Gained mutation: You are partially covered in molten
                  | scales. (AC +2) [demonic ancestry]
  2409 | D:3      | Reached XP level 5. HP: 41/41 MP: 5/5
  3050 | D:3      | Found a glowing golden altar of the Shining One.
  3339 | D:4      | Noticed Blork the orc
  3354 | D:4      | Killed Blork the orc
  3354 | D:4      | Reached skill level 4 in Axes
  3382 | D:4      | Gained mutation: You have a pair of small antennae on your
                  | head. [demonic ancestry]
  3382 | D:4      | Reached XP level 6. HP: 42/48 MP: 6/6
  3422 | D:4      | Found a deep blue altar of Sif Muna.
  3423 | D:4      | Found a stormy altar of Qazlal.
  4178 | D:4      | Found a runed translucent door.
  4179 | D:4      | Noticed Crazy Yiuf
  4191 | D:4      | Killed Crazy Yiuf
  4369 | D:5      | Entered Level 5 of the Dungeon
  4496 | D:5      | Noticed a slave
  4525 | D:5      | Killed a slave
  4625 | D:5      | Noticed Pikel
  4625 | D:5      | Noticed a slave
  4625 | D:5      | Noticed a slave
  4658 | D:5      | Noticed a slave
  4743 | D:4      | Killed a slave
  4926 | D:5      | Killed Pikel
  4926 | D:5      | Reached skill level 5 in Axes
  4926 | D:5      | Reached skill level 1 in Dodging
  4926 | D:5      | Reached XP level 7. HP: 35/55 MP: 7/7
  5047 | D:5      | Reached skill level 5 in Shields
  5162 | D:5      | Reached XP level 8. HP: 46/61 MP: 8/8
  5475 | D:6      | Reached skill level 6 in Axes
  5532 | D:6      | Noticed Duvessa
  5532 | D:6      | Noticed Dowan
  5541 | D:6      | Killed Dowan
  5544 | D:6      | Killed Duvessa
  5754 | D:6      | Reached skill level 7 in Axes
  5822 | D:6      | Reached skill level 5 in Fighting
  5833 | D:6      | Gained mutation: You are mostly covered in molten scales.
                  | (AC +3) [demonic ancestry]
  5833 | D:6      | Reached XP level 9. HP: 65/68 MP: 9/9
  6400 | D:7      | Found a hide-covered altar of Uskayaw.
  6443 | D:7      | Noticed Joseph
  6479 | D:7      | Killed Joseph
  6479 | D:7      | Reached skill level 8 in Axes
  6479 | D:7      | Reached skill level 5 in Armour
  6487 | D:7      | Found a flagged portal.
  6513 | Bailey   | Entered a bailey
  6913 | Bailey   | Reached skill level 1 in Stealth
  8010 | Bailey   | Reached XP level 10. HP: 76/76 MP: 10/10
  8790 | D:7      | Found a staircase to the Ecumenical Temple.
  8813 | D:7      | Reached skill level 9 in Axes
  8818 | Temple   | Entered the Ecumenical Temple
  8977 | Temple   | Became a worshipper of Warmaster Okawaru
  9250 | D:8      | Found Jaobef's Antique Armour Emporium.
  9258 | D:8      | Noticed Gastronok
  9286 | D:8      | Killed Gastronok
  9286 | D:8      | Reached * piety under Okawaru
  9286 | D:8      | Reached ** piety under Okawaru
  9643 | D:8      | Found Ymicur's General Store.
  9646 | D:8      | Bought a scroll of enchant armour for 97 gold pieces
 10174 | D:8      | Noticed a centaur warrior
 10193 | D:8      | Killed a centaur warrior
 10193 | D:8      | Reached *** piety under Okawaru
 10193 | D:8      | Reached skill level 10 in Axes
 10516 | D:8      | Found Jiggiopi's Assorted Antiques.
 10846 | D:9      | Gained mutation: You sometimes gain power by taking damage.
                  | [demonic ancestry]
 10846 | D:9      | Reached XP level 11. HP: 56/84 MP: 11/11
 11101 | D:9      | Found a staircase to the Lair.
 11295 | D:9      | Reached skill level 10 in Shields
 11307 | D:9      | Reached **** piety under Okawaru
 11494 | D:9      | Found a radiant altar of Vehumet.
 11548 | D:9      | Noticed Grum
 11581 | D:9      | Killed Grum
 11690 | D:9      | Found an ancient bone altar of Kikubaaqudgha.
 11819 | D:9      | Noticed a two-headed ogre
 11840 | D:9      | Killed a two-headed ogre
 12294 | D:10     | Entered Level 10 of the Dungeon
 13101 | D:10     | Reached ***** piety under Okawaru
 13283 | D:10     | Reached skill level 11 in Axes
 13627 | D:11     | Noticed Erica
 13643 | D:11     | Killed Erica
 13643 | D:11     | Received a gift from Okawaru
 13747 | D:11     | Identified the Almanac of the Volcano
 14057 | D:11     | Noticed Erolcha
 14087 | D:11     | Killed Erolcha
 14087 | D:11     | Gained mutation: You have a pair of antennae on your head.
                  | [demonic ancestry]
 14087 | D:11     | Reached XP level 12. HP: 42/95 MP: 8/12
 14098 | D:11     | Found a staircase to the Orcish Mines.
 15176 | Orc:1    | Entered Level 1 of the Orcish Mines
 15640 | Orc:1    | Noticed a two-headed ogre
 15657 | Orc:1    | Killed a two-headed ogre
 15815 | Orc:2    | Entered Level 2 of the Orcish Mines
 15816 | Orc:2    | Noticed Rupert
 15852 | Orc:2    | Noticed Maurice
 15868 | Orc:1    | Killed Rupert
 15868 | Orc:1    | Reached skill level 1 in Invocations
 16315 | Orc:2    | Found Zuonak Omoff's Gadget Emporium.
 16506 | Orc:2    | Found a staircase to the Elven Halls.
 16545 | Orc:2    | Found Gugeraq's Food Emporium.
 16619 | Orc:2    | Noticed a two-headed ogre
 16632 | Orc:2    | Killed a two-headed ogre
 16915 | Orc:2    | Noticed an orc high priest
 16931 | Orc:2    | Killed an orc high priest
 16931 | Orc:2    | Reached skill level 12 in Axes
 17091 | Orc:2    | Reached skill level 10 in Fighting
 17863 | Orc:2    | Noticed an orc high priest
 17889 | Orc:2    | Killed an orc high priest
 17889 | Orc:2    | Received a gift from Okawaru
 18057 | Orc:2    | Noticed an orc high priest
 18080 | Orc:2    | Killed an orc high priest
 18208 | Orc:2    | Noticed an orc high priest
 18235 | Orc:2    | Killed an orc high priest
 18235 | Orc:2    | Reached XP level 13. HP: 103/103 MP: 12/14
 18432 | Orc:2    | Found Mihixt's General Store.
 18435 | Orc:2    | Found Boxu's Antique Armour Emporium.
 18436 | Orc:2    | Found Cotaubo's Jewellery Emporium.
 18437 | Orc:2    | Found Destunt's Food Shoppe.
 18450 | Orc:2    | Bought the ring of Jostre Icini {rN+ MR- Int+3 Dex+3
                  | Slay+5} for 650 gold pieces
 18452 | Orc:2    | Bought a pair of crude boots for 247 gold pieces
 18457 | Orc:2    | Identified the cursed +0 pair of boots "Olinean" {rPois
                  | Str+3 Int+3 Slay-5} (You bought it in a shop on level 2 of
                  | the Orcish Mines)
 18582 | Orc:1    | Noticed Harold
 18602 | Orc:1    | Noticed an orc warlord
 18608 | Orc:1    | Killed Harold
 18794 | Orc:1    | Received a gift from Okawaru
 18971 | Orc:1    | Killed an orc warlord
 19157 | Orc:1    | Killed Maurice
 19328 | Lair:1   | Entered Level 1 of the Lair of Beasts
 19346 | Lair:1   | Reached skill level 13 in Axes
 19486 | Lair:1   | Found a frozen archway.
 19506 | IceCv    | Entered an ice cave
 19953 | IceCv    | Received a gift from Okawaru
 21189 | Lair:2   | Found a staircase to the Shoals.
 21321 | Lair:2   | Found a staircase to the Snake Pit.
 21775 | Lair:3   | Found a gate leading to a gauntlet.
 21781 | Lair:3   | Noticed Snorg
 21792 | Lair:3   | Killed Snorg
 21792 | Lair:3   | Received a gift from Okawaru
 21798 | Gauntlet | Entered a Gauntlet
 21798 | Gauntlet | Found a large runed translucent door.
 21798 | Gauntlet | Found a large runed translucent door.
 21798 | Gauntlet | Found a large runed translucent door.
 21798 | Gauntlet | Found a large runed translucent door.
 21798 | Gauntlet | Found a runed translucent door.
 21798 | Gauntlet | Found a large runed translucent door.
 21798 | Gauntlet | Found a large runed translucent door.
 21798 | Gauntlet | Found a transporter.
 21798 | Gauntlet | Found a transporter.
 21798 | Gauntlet | Found a large runed translucent door.
 21798 | Gauntlet | Found a large runed translucent door.
 21798 | Gauntlet | Found a runed translucent gate.
 21798 | Gauntlet | Found a runed translucent gate.
 21798 | Gauntlet | Found a transporter.
 21817 | Gauntlet | Found a transporter.
 21818 | Gauntlet | Found a transporter.
 21820 | Gauntlet | Found a runed translucent gate.
 21820 | Gauntlet | Found a runed translucent door.
 21824 | Gauntlet | Found a large runed translucent door.
 21824 | Gauntlet | Found a large runed translucent door.
 21825 | Gauntlet | Found a large runed translucent door.
 21826 | Gauntlet | Found a large runed translucent door.
 21830 | Gauntlet | Found a transporter.
 21859 | Gauntlet | Found a large runed translucent door.
 21859 | Gauntlet | Found a large runed translucent door.
 21860 | Gauntlet | Found a large runed translucent door.
 21861 | Gauntlet | Found a large runed translucent door.
 21879 | Gauntlet | Found a transporter.
 21892 | Gauntlet | Found a transporter.
 21901 | Gauntlet | Noticed a death ooze
 21902 | Gauntlet | Found a transporter.
 21919 | Gauntlet | Found a transporter.
 21925 | Gauntlet | Found a transporter.
 21939 | Gauntlet | Found a transporter.
 22058 | Gauntlet | Gained mutation: You have a pair of large antennae on your
                  | head. (SInv) [demonic ancestry]
 22058 | Gauntlet | Reached XP level 14. HP: 114/114 MP: 11/16
 22162 | Gauntlet | Got a jewelled eveningstar
 22175 | Gauntlet | Got a crude ring mail
 22177 | Gauntlet | Identified the Catalogue of Mutagenic Lightness
 22202 | Gauntlet | Identified the +2 ring mail "Sucari Refi" {Slay+6} (You
                  | found it in a Gauntlet)
 22233 | Gauntlet | Identified the +1 eveningstar of Mana {elec, Str+3} (You
                  | found it in a Gauntlet)
 22414 | Lair:3   | Reached skill level 14 in Axes
 23838 | Lair:5   | Reached skill level 1 in Long Blades
 24161 | Lair:6   | Entered Level 6 of the Lair of Beasts
 24178 | Lair:6   | Reached skill level 15 in Shields
 24390 | Lair:6   | Found a runed translucent door.
 24390 | Lair:6   | Found a viscous altar of Jiyva.
 24390 | Lair:6   | Found a staircase to the Slime Pits.
 24986 | Lair:6   | Received a gift from Okawaru
 25520 | Lair:6   | Got a spiked ring mail
 25531 | Lair:6   | Identified the cursed +1 ring mail of Kanow {Regen+} (You
                  | found it on level 6 of the Lair of Beasts)
 25703 | Lair:6   | Reached skill level 15 in Axes
 25732 | Lair:6   | Noticed Josephine
 25743 | Lair:6   | Killed Josephine
 25746 | Lair:6   | Reached ****** piety under Okawaru
 26333 | D:12     | Reached skill level 5 in Dodging
 26344 | D:12     | Gained mutation: You are completely covered in molten
                  | scales. (AC +4, rF+) [demonic ancestry]
 26344 | D:12     | Reached XP level 15. HP: 93/124 MP: 17/17
 26673 | D:12     | Found Cumo's Antique Armour Shop.
 26828 | D:12     | Received a gift from Okawaru
 26977 | D:12     | Received a gift from Okawaru
 27993 | D:13     | Found a gate to the Vaults.
 27993 | D:13     | Noticed Urug
 28021 | D:13     | Received a gift from Okawaru
 28158 | D:13     | Killed Urug
 28281 | D:13     | Found a runed translucent door.
 28282 | D:13     | Found a shimmering altar of Xom.
 28282 | D:13     | Noticed heinrich's ghost (journeyman NaVM)
 28303 | D:13     | Killed heinrich's ghost
 28444 | D:13     | Found a stormy altar of Qazlal.
 29184 | D:14     | Reached skill level 16 in Axes
 29214 | D:14     | Got a topaz-encrusted plate armour
 29230 | D:14     | Cast into level 2 of the Abyss (a wizard)
 29230 | Abyss:2  | Found a corrupted altar of Lugonu.
 29315 | Abyss:2  | Noticed a purple draconian scorcher
 29339 | Abyss:2  | Killed a purple draconian scorcher
 29492 | Abyss:2  | HP: 1/127 [raiju/living lightning (22)]
 29560 | Abyss:2  | Noticed a tentacled starspawn
 29585 | Abyss:2  | Killed a tentacled starspawn
 29585 | Abyss:2  | Received a gift from Okawaru
 29613 | D:14     | Escaped the Abyss
 30010 | D:14     | Identified the +10 plate armour "Dotsy" {MR+ rCorr Int+6
                  | Slay-5} (You found it on level 14 of the Dungeon)
 30507 | D:14     | Noticed Azrael
 30518 | D:14     | Killed Azrael
 30523 | D:14     | Gained mutation: You resist negative energy. (rN+) [demonic
                  | ancestry]
 30523 | D:14     | Reached XP level 16. HP: 125/134 MP: 18/18
 30849 | D:14     | Noticed Jorgrun
 30858 | D:14     | Killed Jorgrun
 31188 | D:15     | Entered Level 15 of the Dungeon
 31765 | D:15     | Received a gift from Okawaru
 32019 | D:15     | Reached skill level 15 in Fighting
 32357 | D:15     | Found a staircase to the Depths.
 32376 | D:15     | Received a gift from Okawaru
 32855 | Snake:1  | Entered Level 1 of the Snake Pit
 33545 | Depths:1 | Entered Level 1 of the Depths
 33554 | Depths:1 | Noticed Nikola
 33560 | Depths:1 | Found Ontalul's General Store.
 33780 | D:15     | Reached skill level 17 in Axes
 34063 | D:15     | Received a gift from Okawaru
 34087 | D:15     | Got a pair of steaming boots {god gift}
 34098 | D:15     | Identified the +0 pair of boots of Loss {rElec MR++ Dex-4}
                  | (Okawaru gifted it to you on level 15 of the Dungeon)
 34269 | Depths:1 | Killed Nikola
 34957 | Depths:1 | Gained mutation: You are somewhat able to resist unholy
                  | torments (1 in 2 success). [demonic ancestry]
 34957 | Depths:1 | Reached XP level 17. HP: 117/142 MP: 20/20
 35097 | Depths:1 | Found a gateway to Hell.
 35111 | Depths:1 | Found the +8 Wrath of Trog {antimagic, *Rage}
 35501 | Depths:1 | Received a gift from Okawaru
 35911 | Depths:1 | You fall through a shaft!
 36713 | Depths:2 | Received a gift from Okawaru
 36713 | Depths:2 | Reached skill level 18 in Axes
 36714 | Depths:2 | Noticed a tentacled monstrosity
 36731 | Depths:2 | HP: 3/144 [stone giant (15)]
 36733 | Depths:2 | Slain by a tentacled monstrosity

Levels and vault maps discovered:
D:1:      tarquinn_simple_flora_water_e, layout_basic,
          chequers_serial_rivers_small_b
D:2:      layout_rooms, kennysheep_generic_room_15
D:3:      layout_loops_corners, first_ration, lemuel_tele_altar
D:4:      layout_loops_ring, gammafunk_temple_overflow_statue,
          grunt_decor_fettered, uniq_blork_the_orc, uniq_crazy_yiuf_cottage
D:5:      layout_basic, minivault_4, corexii_leaking_fountain, uniq_pikel
D:6:      layout_rooms, uniq_duvessa
D:7:      layout_basic, eat_drink_and_be_merry_uskayaw,
          minmay_temple_entry_statues_fountains, enter_bailey_7,
          chequers_serial_rivers_small_3, uniq_joseph
D:8:      layout_loops_ring, serial_shops, shop, shop, kennysheep_mini_moat,
          uniq_gastronok
D:9:      minmay_polygon_palace, layout_loops_ring, kennysheep_vampire_church,
          dpeg_oklobed_lair, basic_altar, uniq_grum
D:10:     layout_cave_pools
D:11:     layout_irregular_city, erik_orc_4, uniq_erica, uniq_erolcha
D:12:     slaughterhouse, layout_basic, serial_shops, shop, hangedman_fish_farm
D:13:     layout_cave_pods, david_vaults_3, ebering_ghost_xom,
          nicolae_qazlal_general_emergency
D:14:     layout_layer_cave, abandoned_shop,
          minmay_the_grid_square_5x5_3x3_mashed [minmay_the_grid_square_5x5_c,
          minmay_the_grid_square_5x5_inverted_slash,
          minmay_the_grid_square_5x5_meh, minmay_the_grid_square_5x5_bracketed,
          minmay_the_grid_square_5x5_megaprize_hollow,
          minmay_the_grid_square_5x5_hollow_slash,
          minmay_the_grid_square_5x5_two_walls_a, minmay_the_grid_square_5x5_n,
          minmay_the_grid_square_5x5_eight_small], uniq_azrael, uniq_jorgrun
D:15:     gammafunk_enter_depths_forms, layout_basic, grunt_decor_cap
Temple:   dpeg_five_rooms_temple
Lair:1:   layout_small_grid, portal_ice_cave_rime
Lair:2:   layout_regular_city, minmay_shoals_entry_centaurs,
          guppyfry_snake_entry_garden, lemuel_fruit_fields
Lair:3:   layout_loops_ring, gauntlet_entry_generic, lemuel_old_faithful,
          uniq_snorg
Lair:4:   layout_hall_layers
Lair:5:   layout_misc_corridors, kennysheep_basilisk_garden
Lair:6:   evilmike_catoblepas_cave, layout_regular_city, slime_altar_2,
          uniq_josephine
Snake:1:  layout_chambers, gammafunk_ghost_grave, grunt_megastairs_3,
          minmay_shop_star
Orc:1:    layout_diamond_mine, rock_pile, uniq_harold
Orc:2:    st_orc_pillars, layout_diamond_mine, serial_shops, shop, shop_statue,
          uniq_rupert, uniq_maurice
Depths:1: layout_cave_pools, enter_ziggurat_b, serial_shops,
          nicolae_shop_behind_doors, serial_column_ruins, column_ruins_hut,
          column_ruins_open_medium, column_ruins_open_tiny,
          column_ruins_corridor_straight, column_ruins_open_small,
          column_ruins_columns_straight, hangedman_geh_valley,
          columned_hall_lemuel, minmay_misc_feat_five,
          minmay_guarded_unrand_wrath_of_trog, uniq_nikola
Depths:2: nicolae_legendary_halls, layout_basic, grunt_pan_entry_in_and_out,
          grunt_hell_entry_dis_old, abyss_entry_flame_altar,
          kennysheep_opposing_triangles
Depths:3: hangedman_spin_cycle, hell_entry, pan_entry
Abyss:2:  evilmike_abyss_exit_15
Bailey:   bailey_polearm_flooded_kennysheep, bailey
IceCv:    ice_cave_tombish
Gauntlet: gammafunk_gauntlet_shortcut [gammafunk_gauntlet_arena_chambers,
          gammafunk_gauntlet_arena_split_x,
          minmay_gauntlet_arena_make_your_own_arena,
          gammafunk_gauntlet_arena_mazey, gammafunk_gauntlet_arena_hedges,
          gammafunk_gauntlet_arena_corners,
          nicolae_gauntlet_exit_dead_adventurers]

Skill      XL: |  1  2  3  4  5  6  7  8  9 10 11 12 13 14 15 16 17 |
---------------+----------------------------------------------------+-----
Axes           | 2 3 4 5 7 8 10 11 12 13 15 16 17 18 | 18.0
Shields        | 3 4 5 6 7 9 12 14 15 16 | 16.8
Armour         | 3 4 5 6 7 8 9 |  9.4
Fighting       | 4 5 6 7 9 10 11 13 14 15 | 15.9
Dodging        | 1 2 3 5 6 7 |  7.2
Stealth        | 1 2 3 4 |  4.4
Invocations    | 2 3 4 |  4.4
Long Blades    | 1 |  1.9
Evocations     | |  0.7

Action                   |  1- 3 |  4- 6 |  7- 9 | 10-12 | 13-15 | 16-18 || total
-------------------------+-------+-------+-------+-------+-------+-------++-------
Melee: War axe           |    96 |   163 |       |   143 |   114 |       ||   516
       Hand axe          |       |   152 |   477 |  1453 |       |       ||  2082
       Broad axe         |       |       |       |       |   931 |   453 ||  1384
       Scimitar          |       |       |       |       |    14 |     6 ||    20
Invok: Heroism           |       |       |       |    12 |    19 |     5 ||    36
       Finesse           |       |       |       |     4 |     5 |     1 ||    10
 Abil: Evoke Flight      |       |       |     3 |     1 |       |       ||     4
  Use: Potion            |     2 |     1 |     7 |     3 |     2 |     2 ||    17
       Scroll            |       |     2 |     5 |     3 |    13 |       ||    23
 Stab: Sleeping          |       |       |       |       |    10 |     7 ||    17
       Distracted        |       |       |       |       |     4 |     2 ||     6
  Eat: Chunk             |     1 |    12 |     8 |    30 |    40 |    20 ||   111
       Ration            |       |       |     1 |     2 |       |       ||     3
Armor: Scale mail        |    61 |     3 |       |       |       |       ||    64
       Chain mail        |       |   175 |   213 |   403 |   102 |       ||   893
       Ring mail         |       |       |       |       |   108 |    71 ||   179
       Skin              |       |       |       |       |     4 |       ||     4
Dodge: Dodged            |    25 |    23 |    74 |   200 |   231 |   209 ||   762
Block: Shield            |    20 |       |       |       |       |       ||    20
       Large shield      |    77 |   184 |   528 |  1268 |   881 |   504 ||  3442
       Rpst.: Scimitar   |       |       |       |       |     1 |       ||     1

Table legend:
 A = Non-vault XP
 B = Vault XP
 C = Vault XP percentage of total XP
 D = Non-vault monster count
 E = Vault monster count
 F = Vault count percentage of total count
                 A         B        C        D         E       F
            +---------+---------+-------+---------+---------+-------
      Total |  155541 |  101364 |  39.5 |     681 |     327 |  32.4
            +---------+---------+-------+---------+---------+-------
        D:1 |      46 |       0 |   0.0 |      20 |       0 |   0.0
        D:2 |     104 |       0 |   0.0 |      22 |       0 |   0.0
        D:3 |     124 |       0 |   0.0 |      28 |       0 |   0.0
        D:4 |     152 |     133 |  46.7 |       9 |       2 |  18.2
        D:5 |     467 |     685 |  59.5 |      11 |       1 |   8.3
        D:6 |     940 |     229 |  19.6 |      25 |       2 |   7.4
        D:7 |     765 |     503 |  39.7 |      12 |       5 |  29.4
        D:8 |    2276 |    2161 |  48.7 |      30 |       1 |   3.2
        D:9 |    3281 |    2117 |  39.2 |      43 |      22 |  33.8
       D:10 |    3311 |       0 |   0.0 |      30 |       0 |   0.0
       D:11 |    3854 |    2427 |  38.6 |      27 |      19 |  41.3
       D:12 |    5529 |   13082 |  70.3 |      42 |      34 |  44.7
       D:13 |    2952 |    7444 |  71.6 |      23 |      17 |  42.5
       D:14 |    7089 |    7589 |  51.7 |      33 |      19 |  36.5
       D:15 |   32405 |    3256 |   9.1 |      65 |       8 |  11.0
     Lair:1 |    1263 |     729 |  36.6 |       5 |       2 |  28.6
     Lair:2 |    7648 |     369 |   4.6 |      25 |       3 |  10.7
     Lair:3 |    1565 |    1129 |  41.9 |       9 |       1 |  10.0
     Lair:4 |    2271 |       0 |   0.0 |      13 |       0 |   0.0
     Lair:5 |    4186 |     934 |  18.2 |      13 |       5 |  27.8
     Lair:6 |    9384 |   14850 |  61.3 |      29 |      31 |  51.7
    Snake:1 |    4423 |       0 |   0.0 |       6 |       0 |   0.0
      Orc:1 |    7320 |    4314 |  37.1 |      58 |       7 |  10.8
      Orc:2 |    1514 |    8579 |  85.0 |      12 |      59 |  83.1
   Depths:1 |   23354 |    8405 |  26.5 |      40 |       7 |  14.9
   Depths:2 |   10688 |    8682 |  44.8 |      18 |       9 |  33.3
   Depths:3 |    6110 |    2235 |  26.8 |      11 |       2 |  15.4
    Abyss:2 |   12520 |       0 |   0.0 |      22 |       0 |   0.0
     Bailey |       0 |    2314 | 100.0 |       0 |      39 | 100.0
      IceCv |       0 |    4751 | 100.0 |       0 |      21 | 100.0
   Gauntlet |       0 |    4447 | 100.0 |       0 |      11 | 100.0
            +---------+---------+-------+---------+---------+-------
